 Dungeon Crawl Stone Soup version 0.18.1-50-g88ac8fd (webtiles) character file.

1660 ololoev the Thaumaturge (level 8, -1/41 HPs)
             Began as a Deep Elf Earth Elementalist on Dec 6, 2016.
             Slain by an orc warrior
             ... wielding a +0 short sword
              (15 damage)
             ... on level 7 of the Dungeon.
             The game lasted 00:18:58 (1976 turns).

ololoev the Thaumaturge (DEEE)                      Turns: 1976, Time: 00:18:59

Health: -1/41      AC:  4    Str:  5    XL:     8   Next: 68%
Magic:  0/24       EV: 13    Int: 23    God:
Gold:   87         SH:  0    Dex: 15    Spells: 5 memorised, 13 levels left

rFire  . . .     SeeInvis .     a - +2 spear (flame)
rCold  . . .     Gourm    .     m - +0 robe
rNeg   . . .     Faith    .     (no shield)
rPois  .         Spirit   .     (no helmet)
rElec  .         Dismiss  .     (no cloak)
rCorr  .         Reflect  .     g - +0 pair of gloves
SustAt .         Harm     .     i - +0 pair of boots
MR     .....                    (no amulet)
Stlth  ++........               (no ring)
                                (no ring)

@: not resistant to hostile enchantments, unstealthy
A: blink, no device heal 1, sturdy frame 1
a: Blink


Innate Abilities, Weirdness & Mutations

You can translocate small distances at will.
Potions and wands are less effective at restoring your health.
Your movements are slightly less encumbered by armour (ER -2).

Inventory:

Hand Weapons
 a - a +2 spear of flaming (weapon)
Missiles
 b - 18 stones (quivered)
Armour
 g - a +0 pair of gloves (worn)
 i - a +0 pair of boots (worn)
 m - a +0 robe (worn)
Scrolls
 j - 3 scrolls of amnesia {unknown}
 k - 5 scrolls of identify {unknown}
 o - a scroll of fear {unknown}
 q - a scroll of enchant weapon {unknown}
 r - 2 scrolls of remove curse {unknown}
 s - a scroll of magic mapping {unknown}
 v - 3 scrolls of teleportation {unknown}
Potions
 e - 3 potions of flight {unknown}
 f - a potion of berserk rage
 n - 2 potions of might {unknown}
 p - a potion of curing
 t - a potion of lignification {unknown}
Books
 c - a book of Geomancy

   Spells                             Type                      Level
   a - Sandblast                      Earth                        1
   b - Passwall                       Transmutation/Earth          2
   c - Stone Arrow                    Conjuration/Earth            3
   d - Petrify                        Transmutation/Earth          4
   e - Lee's Rapid Deconstruction     Earth                        5
Comestibles
 d - 4 bread rations
 h - a beef jerky
 l - a meat ration
 u - 4 chunks of flesh
 w - a slice of pizza


   Skills:
 - Level 2.4 Dodging
 - Level 2.4 Stealth
 * Level 10.7 Spellcasting
 + Level 5.4 Conjurations
 - Level 1.1 Transmutations
 + Level 7.0 Earth Magic


You had 13 spell levels left.
You knew the following spells:

 Your Spells              Type           Power        Failure   Level  Hunger
a - Sandblast             Erth           #####.       1%          1    None
b - Stone Arrow           Conj/Erth      #####.       1%          3    None
c - Lee's Rapid Deconstr  Erth           #####.....   10%         5    ####...
d - Petrify               Trmt/Erth      ####....     12%         4    #......
w - Passwall              Trmt/Erth      ####......   1%          2    None


You were on level 7 of the Dungeon.
You were hungry.

You visited 2 branches of the dungeon, and saw 8 of its levels.

You collected 165 gold pieces.
You spent 78 gold pieces at shops.

### #<#
##.########
####..........
#..@o.....###.
#.###.###.#
###.###.# ..
#.#.#.......#
##
#.#.###.#...#
#....##.#)#.#
#....#.#.#.#
#....#.#.#o#
#....#.#.#'##

Notes
Turn   | Place    | Note
--------------------------------------------------------------
     0 | D:1      | ololoev the Deep Elf Earth Elementalist began the quest for the Orb.
     0 | D:1      | Reached XP level 1. HP: 10/10 MP: 6/6
    57 | D:1      | XO4YCPATb: Проглядел.
    74 | D:1      | XO4YCPATb: Зачем вышел?
    75 | D:1      | jacquesderrida: Laliec
    77 | D:1      | Reached XP level 2. HP: 9/15 MP: 3/8
    81 | D:1      | jacquesderrida: Laliev
    90 | D:2      | ololoev: прочитал телек, попал в толпу гадов, прочитал оставшийся телек, меня телепортнуло на 3 клетки в сторону тупика
   137 | D:2      | ololoev: кравл сегодня против меня
   175 | D:2      | Reached skill level 4 in Spellcasting
   218 | D:3      | XO4YCPATb: Дип эльфы не сдаются.
   229 | D:4      | XO4YCPATb: Могло свезти.
   229 | D:4      | Noticed an ogre
   241 | D:3      | Reached XP level 3. HP: 19/19 MP: 0/11
   270 | D:2      | Learned a level 2 spell: Passwall
   274 | D:2      | Learned a level 3 spell: Stone Arrow
   425 | D:3      | Reached skill level 5 in Spellcasting
   434 | D:3      | Noticed Natasha
   443 | D:3      | Killed Natasha
   443 | D:3      | Reached skill level 1 in Conjurations
   443 | D:3      | Reached XP level 4. HP: 20/24 MP: 0/13
   532 | D:3      | Reached XP level 5. HP: 21/28 MP: 0/15
   544 | D:4      | Found a staircase to the Ecumenical Temple.
   550 | Temple   | Entered the Ecumenical Temple
   627 | D:4      | Killed an ogre
   627 | D:4      | Reached skill level 6 in Spellcasting
   640 | D:4      | Iwannabefree: щито там было
   642 | D:4      | Iwannabefree: окружили?
   647 | D:4      | ololoev: в прошлой игре то?
   647 | D:4      | Iwannabefree: да
   647 | D:4      | ololoev: прочитал телек, попал в толпу гадов, прочитал оставшийся телек, меня телепортнуло на 3 клетки в сторону тупика
   697 | D:5      | Entered Level 5 of the Dungeon
   718 | D:4      | Noticed a phantom
   735 | D:4      | Killed a phantom
   735 | D:4      | Reached XP level 6. HP: 18/32 MP: 2/17
   747 | D:4      | Learned a level 5 spell: Lee's Rapid Deconstruction
   752 | D:4      | Learned a level 4 spell: Petrify
   754 | D:4      | bear: хело
   772 | D:4      | ololoev: hi bear
   776 | D:4      | Reached skill level 7 in Spellcasting
   816 | D:4      | Found Ylis's Distillery.
   846 | D:4      | Bought a potion of degeneration for 12 gold pieces
   846 | D:4      | Bought a potion of curing for 36 gold pieces
   846 | D:4      | Bought a potion of mutation for 30 gold pieces
   847 | D:4      | Gained mutation: Your movements are slightly less encumbered by armour (ER -2). [potion of mutation]
   847 | D:4      | Gained mutation: You can translocate small distances at will. [potion of mutation]
   847 | D:4      | Gained mutation: Potions and wands are less effective at restoring your health. [potion of mutation]
   848 | D:4      | XO4YCPATb: Did somebody say "beer"?
   915 | D:4      | bear: beer is my blood
   986 | D:5      | Found Daijit's Antique Armour Boutique.
   990 | D:5      | bear: ama vear beer-blooded
   994 | D:5      | bear: bear*
  1002 | D:5      | Noticed Menkaure
  1005 | D:5      | Found a burning altar of Makhleb.
  1009 | D:5      | Reached skill level 5 in Earth Magic
  1031 | D:5      | Killed Menkaure
  1056 | D:5      | XO4YCPATb: "Beerless" condition gives bonuses to your spellpower, I'm sure.
  1085 | D:6      | Reached XP level 7. HP: 29/36 MP: 6/20
  1112 | D:5      | Found Jodoes's Armour Shoppe.
  1138 | D:5      | Reached skill level 8 in Spellcasting
  1181 | D:5      | Noticed Edmund
  1187 | D:5      | Found Pit Irphauz's Antique Weapon Emporium.
  1197 | D:5      | XO4YCPATb: Что-то я туплю в экран выбора персонажа.
  1205 | D:5      | XO4YCPATb: Какое-то все одинаковое.
  1206 | D:5      | Killed Edmund
  1245 | D:5      | Noticed Grinder
  1256 | D:5      | Killed Grinder
  1256 | D:5      | Reached skill level 9 in Spellcasting
  1427 | D:6      | Reached XP level 8. HP: 41/41 MP: 8/23
  1526 | D:6      | XO4YCPATb: Пойду тролля-джийвы сделаю.
  1579 | D:6      | Found an ancient bone altar of Kikubaaqudgha.
  1606 | D:6      | ololoev: для этого дживу надо откуда-то взять сначала
  1671 | D:6      | Reached skill level 10 in Spellcasting
  1680 | D:6      | Noticed ololoev's ghost (amateur DEEE)
  1696 | D:6      | Killed ololoev's ghost
  1696 | D:6      | Reached skill level 5 in Conjurations
  1732 | D:6      | Found an iron altar of Okawaru.
  1837 | D:6      | bear: джива это слезнячник?
  1843 | D:6      | ololoev: да
  1848 | D:6      | bear: пнтн
  1848 | D:6      | ololoev: серя, сделай ДД дживы
  1848 | D:6      | ololoev: это веселее
  1976 | D:7      | Slain by an orc warrior

Dungeon Overview and Level Annotations

Branches:
Dungeon (7/15)             Temple (1/1) D:4

Altars:
Dithmenos
Elyvilon
Fedhas
Gozag
Kikubaaqudgha
Makhleb
Nemelex Xobeh
Okawaru
Qazlal
Ru
Sif Muna
Trog
Xom
Zin
The Shining One

Shops:
D:4 !   D:5 [([


Message History

You hear a shout!
An orc warrior comes into view. It is wielding a short sword.
Unknown command.
Unknown command.
Unknown command.
Casting: Lee's Rapid Deconstruction
Confirm with . or Enter, or press ? or * to list all spells.
Aiming: Lee's Rapid Deconstruction
Press: ? - help, Dir - move target cursor The wall shatters!
The blast of rock fragments hits the orc warrior.
You kill the orc warrior!
The blast of rock fragments hits the orc wizard.
You kill the orc wizard!
Your Earth Magic skill increases to level 7!
You feel a bit more experienced.
Casting: Lee's Rapid Deconstruction
Confirm with . or Enter, or press ? or * to list all spells.
You can't see any susceptible monsters within range! (Use Z to cast anyway.)
An orc wizard comes into view. It is wielding a dagger.
Casting: Lee's Rapid Deconstruction
Confirm with . or Enter, or press ? or * to list all spells.
Aiming: Lee's Rapid Deconstruction
Press: ? - help, Dir - move target cursor The wall shatters!
The blast of rock fragments hits the orc warrior.
The blast of rock fragments hits the orc wizard.
The orc wizard is severely wounded.
Unknown command.
Unknown command.
Unknown command.
Casting: Lee's Rapid Deconstruction
Confirm with . or Enter, or press ? or * to list all spells.
Aiming: Stone Arrow
Press: ? - help, Shift-Dir - straight line, f - orc warrior
Aim: an orc warrior, wielding a short sword and wearing a chain mail The stone arrow misses the orc warrior.
Casting: Stone Arrow
Confirm with . or Enter, or press ? or * to list all spells.
Aiming: Stone Arrow
Press: ? - help, Shift-Dir - straight line, f/p - orc warrior
Aim: an orc warrior, wielding a short sword and wearing a chain mail The stone arrow misses the orc warrior.
Casting: Stone Arrow
Confirm with . or Enter, or press ? or * to list all spells.
Aiming: Stone Arrow
Press: ? - help, Shift-Dir - straight line, f/p - orc warrior
Aim: an orc warrior, wielding a short sword and wearing a chain mail You miscast Stone Arrow.
You are very lightly contaminated with residual magic.
Your skin glows momentarily.
The orc wizard looks braver for a moment.
An orc priest comes into view.
The orc wizard gestures wildly while chanting.
The orc wizard seems to speed up.
You are feeling hungry.
The orc wizard points at you and mumbles some strange words.
The puff of frost hits you! The orc warrior misses you.
Casting: Stone Arrow
Confirm with . or Enter, or press ? or * to list all spells.
Aiming: Lee's Rapid Deconstruction
Press: ? - help, Dir - move target cursor, p - orc warrior That beam is likely to hit you.
Continue anyway?
The wall shatters!
The blast of rock fragments hits the orc wizard.
You kill the orc wizard!
The blast of rock fragments hits the orc warrior.
The orc warrior is lightly wounded.
The blast of rock fragments hits you!
Ouch! That really hurt!
You hear a shout! x5
An orc priest opens the door.
The orc warrior hits you with a short sword.
Unknown command.
Your magical contamination has completely faded away.
Drink which item? (? for menu, Esc to quit)
You feel better.
The orc warrior hits you with a short sword!
You die...

You could see an orc warrior.

Vanquished Creatures
  Grinder (D:5)
  Menkaure (D:5)
  Edmund (D:5)
  An ice beast (D:7)
  3 phantoms
  An orc warrior (D:7)
  3 ogres
  The ghost of ololoev the Magician, an amateur DEEE (D:6)
  A giant frog (D:6)
  A crimson imp (D:6)
  An iguana (D:4)
  3 orc wizards
  A giant frog skeleton (D:6)
  Natasha (D:3)
  2 worker ants
  A killer bee zombie (D:5)
  A howler monkey zombie (D:6)
  6 gnolls
  4 adders
  4 worms
  A giant gecko (D:1)
  7 orcs
  3 giant cockroaches
  3 goblins
  6 hobgoblins
  5 jackals
  A quokka (D:5)
  A giant newt (D:1)
  4 kobolds
  6 rats
75 creatures vanquished.

Vanquished Creatures (others)
  3 jackals (D:2)
3 creatures vanquished.

Grand Total: 78 creatures vanquished

Action                   |  1- 3 |  4- 6 |  7- 9 || total
-------------------------+-------+-------+-------++-------
Melee: Unarmed           |     1 |       |       ||     1
       Spear             |       |    17 |       ||    17
 Cast: Sandblast         |    49 |    23 |    26 ||    98
       Stone Arrow       |       |    14 |    17 ||    31
       Passwall          |       |       |     1 ||     1
       Lee's Rapid Decon |       |       |    10 ||    10
  Use: Potion            |       |     4 |     1 ||     5
  Eat: Chunk             |       |     1 |     4 ||     5
Armor: Robe              |       |     1 |     3 ||     4
Dodge: Dodged            |     9 |    18 |     6 ||    33

Vault maps used:
D:1:      scummos_arrival_checkerplants, lexackson_kobold_supper
D:2:      lemuel_flame_loot_1
D:3:      overflow_temple_1_default, fedhas_altar_4, uniq_natasha
D:4:      minmay_temple_entry_overgrown, serial_shops, nicolae_shop_statue_plus,
          first_bread, kennysheep_generic_room_8
D:5:      lemuel_round_altar, serial_shops, kennysheep_mini_moat, shop,
          nicolae_shop_behind_doors, uniq_edmund, uniq_menkaure, uniq_grinder
D:6:      overflow_temple_1_default, okawaru_trees_2
D:7:      kennysheep_housing_project
Temple:   zaba_magenta_temple_12
